 Dungeon Crawl Stone Soup version 0.30-a0-722-g3e6e8c874d (webtiles) character file.

Game seed: 17808180882038877062

72 gelatine the Chopper (level 4, -2/34 HPs)
             Began as a Demonspawn Gladiator on Jan 28, 2023.
             Slain by a gnoll
             ... wielding a +0 halberd of protection
              (5 damage)
             ... on level 2 of the Dungeon.
             The game lasted 00:02:26 (823 turns).

gelatine the Chopper (Demonspawn Gladiator)          Turns: 823, Time: 00:02:26

Health: -2/34      AC: 10    Str: 16    XL:     4   Next: 7%
Magic:  4/4        EV: 13    Int: 10    God:
Gold:   140        SH:  0    Dex: 14    Spells: 3/3 levels left

rFire   . . .      SeeInvis .    a - +0 war axe
rCold   . . .      Faith    .    (no shield)
rNeg    . . .      Spirit   .    p - +0 ring mail
rPois   .          Reflect  .    c - +0 helmet
rElec   .          Harm     .    (no cloak)
rCorr   .          Rampage  .    (no gloves)
Will    .....                    (no boots)
Stlth   +                        (no amulet)
HPRegen 0.25/turn                n - +4 ring of protection
MPRegen 0.09/turn                (no ring)

@: brilliant
A: repulsion field 1, demonic magic 1, demonic touch 1
a: no special abilities


You were on level 2 of the Dungeon.
You visited 1 branch of the dungeon, and saw 2 of its levels.

You collected 140 gold pieces.

Inventory:

Hand Weapons
 a - a +0 war axe (weapon)
Missiles
 d - 3 throwing nets (quivered)
 e - a javelin
Armour
 b - a +0 leather armour
 c - a +0 helmet (worn)
 o - a +0 plate armour
 p - a +0 ring mail (worn)
Jewellery
 n - a +4 ring of protection (left hand)
Scrolls
 f - a scroll of blinking {unknown}
 g - 2 scrolls of teleportation {unknown}
 i - a scroll of enchant armour {unknown}
 j - a scroll of amnesia {unknown}
 k - 2 scrolls of identify {unknown}
 l - a scroll of poison {unknown}
Potions
 m - a potion of curing {unknown}
 q - a potion of might {unknown}


   Skills:
 * Level 2.4 Fighting
 * Level 3.6 Axes
 + Level 1.7 Throwing
 * Level 1.0 Armour
 * Level 3.1 Dodging
 * Level 0.4 Spellcasting


You had 3 spell levels left.
You didn't know any spells.
Your spell library was empty.

Dungeon Overview and Level Annotations

Branches:
Dungeon (2/15)

Altars:


Innate Abilities, Weirdness & Mutations

You are surrounded by a mild repulsion field. (EV +2)
Spells you cast may paralyse adjacent enemies.
Your touch may inflict minor irresistible damage on your foes.


Message History

The gnoll shouts!
You hear a shout!
You see here a +0 club.
A gnoll and a hobgoblin come into view.
The gnoll is wielding a +0 halberd of protection.
The gnoll shouts!
The hobgoblin shouts!
The gnoll barely misses you. The gnoll closely misses you.
The hobgoblin moves out of view.
You barely miss the gnoll. The gnoll closely misses you.
The gnoll barely misses you.
You barely miss the gnoll. The gnoll misses you. x2
You slash the gnoll!
The gnoll is severely wounded.
The gnoll hits you but does no damage. The gnoll hits you with a +0 flail.
The gnoll hits you with a +0 flail! The gnoll hits you but does no damage.
You hit the gnoll but do no damage.
The gnoll is severely wounded.
The gnoll closely misses you. The gnoll barely misses you.
You barely miss the gnoll.
You touch the gnoll.
You kill the gnoll!
The gnoll closely misses you.
A rat comes into view.
You have reached level 4!
You feel clever.
Your demonic ancestry asserts itself...
You begin to radiate repulsive energy.
The hobgoblin attacks as you move away!
The hobgoblin hits you but does no damage.
Found a stone staircase leading down.
The gnoll hits you with a +0 halberd of protection.
* * * LOW HITPOINT WARNING * * *
You see here a +0 flail.
You slash the gnoll!
The gnoll is severely wounded.
You hit the hobgoblin. The hobgoblin closely misses you.
The gnoll hits you with a +0 halberd of protection.
* * * LOW HITPOINT WARNING * * *
The hobgoblin barely misses you. The gnoll barely misses you.
It was a potion of brilliance.
You feel clever all of a sudden.
The gnoll hits you with a +0 halberd of protection.
You die...

.r. #....#
.. #....# #
.. #....#
#.##. #....#
.....#.####
...#..#.#
#?.....)###
#.#.#.#g#.##
........@g.#
#.#.#.#.#.##
..........#
#.#.#.#.#>##
###########


You could see a gnoll and a hobgoblin.

Vanquished Creatures
  2 gnolls (D:2)
  2 adders (D:2)
  3 giant cockroaches (D:1)
  A goblin (D:1)
  4 hobgoblins
  6 jackals (D:1)
  A quokka (D:1)
  2 ball pythons
  5 bats
  6 kobolds
  2 rats (D:2)
34 creatures vanquished.

Notes
Turn   | Place    | Note
-------+----------+-------------------------------------------
     0 | D:1      | gelatine the Demonspawn Gladiator began the quest for the
                  | Orb.
     0 | D:1      | Reached XP level 1. HP: 16/16 MP: 1/1
   119 | D:1      | Gained mutation: Spells you cast may paralyse adjacent
                  | enemies. [demonic ancestry]
   119 | D:1      | Reached XP level 2. HP: 7/22 MP: 2/2
   469 | D:1      | You fall into a shaft and drop 1 floor!
   485 | D:2      | Gained mutation: Your touch may inflict minor irresistible
                  | damage on your foes. [demonic ancestry]
   485 | D:2      | Reached XP level 3. HP: 19/27 MP: 3/3
   814 | D:2      | Reached skill level 1 in Armour
   821 | D:2      | Gained mutation: You are surrounded by a mild repulsion
                  | field. (EV +2) [demonic ancestry]
   821 | D:2      | Reached XP level 4. HP: 14/34 MP: 4/4
   823 | D:2      | Slain by a gnoll

Illustrated notes

Levels and vault maps discovered:
D:1:      heliophobic_arrival_battle_scene, layout_basic, minmay_heptomino_l4
D:2:      layout_basic, ebering_ecumenical_altar_sacrificial,
          minmay_misc_feat_iff, st_stairs_13

Skill      XL: |  1  2  3 |
---------------+----------+-----
Axes           | 3 |  3.6
Dodging        | 3 |  3.1
Armour         | 1 |  1.0
Fighting       | |  2.4
Throwing       | |  1.7
Spellcasting   | |  0.4

Action                     |  1- 3 |  4- 6 || total
---------------------------+-------+-------++-------
  Melee: War axe           |    83 |     1 ||    84
         Touch             |     6 |       ||     6
    Use: Potion            |       |     1 ||     1
 Armour: Leather armour    |    41 |       ||    41
         Ring mail         |     4 |     1 ||     5
  Dodge: Dodged            |    85 |     3 ||    88

Table legend: (Time is in decaauts)
 A = Elapsed time spent in this place.
 B = Non-inter-level travel time spent in this place.
 C = Inter-level travel time spent in this place.
 D = Time resting spent in this place.
 E = Time spent auto-exploring this place.
 F = Levels seen in this place.
 G = Mean time per level.
                   A        B        C        D        E       F      G
               +--------+--------+--------+--------+--------+-----+--------+
         Total |    851 |    851 |      0 |      0 |    583 |   2 |  425.5 |
       Dungeon |    851 |    851 |      0 |      0 |    583 |   2 |  425.5 |
               +--------+--------+--------+--------+--------+-----+--------+

Top non-repeatable levels by time:
     D:1: 487 daAuts
     D:2: 363 daAuts
